 Dungeon Crawl Stone Soup version 0.30-a0-743-gbfdf073431 (webtiles) character file.

Game seed: 9268889035880688005

1398426 ragingrage the Metallomancer (level 27, 246/246 HPs)
             Began as an Armataur Wanderer on Feb 5, 2023.
             Was the Champion of Vehumet.
             Escaped with the Orb
             ... and 3 runes!
             The game lasted 03:18:26 (128369 turns).

ragingrage the Metallomancer (Armataur Wanderer)  Turns: 128369, Time: 03:18:26

Health: 246/246    AC: 30    Str: 16    XL:     27
Magic:  45/48      EV: 15    Int: 30    God:    Vehumet [******]
Gold:   3333       SH: 15    Dex: 14    Spells: 10/50 levels left

rFire   + . .      SeeInvis +    a - staff of earth
rCold   . . .      Faith    .    I - +2 kite shield {rF+}
rNeg    . . .      Spirit   .    Z - +5 robe of Night {Dark Will+ SInv}
rPois   +          Reflect  .    s - +2 hat {Will+}
rElec   .          Harm     .    c - +1 cloak {rPois}
rCorr   +          Roll     +    O - +2 pair of gloves
Will    +++++                    V - +4 barding {Stlth+}
Stlth   +++                      U - amulet of Equilibrium {RegenMP Fly rCorr MP+9 Dex+2}
HPRegen 0.61/turn                F - +5 ring of evasion
MPRegen 0.71/turn                f - +6 ring of intelligence

@: flying, studying 2 skills
A: large, rugged brown scales 3, deformed body, armoured tail, roll, long
tongue, awkward tongue, horns 1, talons 1, dopey 1, strong-willed 2, robust 1,
wild magic 1
0: Orb of Zot
}: 3/15 runes: decaying, serpentine, slimy
a: Renounce Religion


You escaped.
You worshipped Vehumet.
Vehumet was exalted by your worship.
You visited 11 branches of the dungeon, and saw 52 of its levels.
You visited 2 bazaars.
You also visited: Ice Cave, Volcano and Wizlab.

You collected 7087 gold pieces.
You spent 3754 gold pieces at shops.

Inventory:

Hand Weapons
 R - the +4 rapier of Symmetry {drain, rF++ rC++ Int+2}
   (You found it on level 3 of the Depths)

   Int:       It affects your intelligence (+2).
   rF:        It greatly protects you from fire.
   rC:        It greatly protects you from cold.
Missiles
 t - 2 throwing nets
Armour
 c - a +1 cloak of poison resistance (worn)
 d - a +1 buckler of poison resistance
 g - +2 storm dragon scales {Bai Suzhen}
 q - a scarf of resistance
 s - a +2 hat of willpower (worn)
 x - the +0 cloak of Hedging {rElec Int+2}
   (You found it on level 14 of the Dungeon)

   Int:       It affects your intelligence (+2).
   rElec:     It insulates you from electricity.
 I - a +2 kite shield of fire resistance (worn)
 O - a +2 pair of gloves (worn)
 V - a +4 barding of stealth (worn)
 Z - the +5 robe of Night (worn) {Dark Will+ SInv}
   (You took it off a wizard on level 4 of the Vaults)

   Dark:      It shrouds the wearer in darkness, reducing the range at which
   they can see and be seen by others.
   SInv:      It lets you see invisible.
   Will:      It increases your willpower.
Magical Staves
 a - a staff of earth (weapon)
 b - a staff of conjuration
Jewellery
 f - a +6 ring of intelligence (right hand)
 D - a ring of see invisible
 F - a +5 ring of evasion (left hand)
 U - the amulet of Equilibrium (around neck) {RegenMP Fly rCorr MP+9 Dex+2}
   (You acquired it on level 1 of the Realm of Zot)

   [amulet of magic regeneration]

   It increases your rate of magic regeneration.
   Dex:       It affects your dexterity (+2).
   MP:        It affects your magic capacity (+9).
   Fly:       It grants you flight.
   rCorr:     It protects you from acid and corrosion.
Wands
 A - a wand of acid (33)
 B - a wand of roots (27)
 G - a wand of digging (6)
 Q - a wand of charming (27)
Scrolls
 e - 10 scrolls of fear
 i - 21 scrolls of teleportation
 m - 11 scrolls of vulnerability
 n - 3 scrolls of silence
 C - 2 scrolls of magic mapping
 E - 12 scrolls of immolation
 J - 7 scrolls of poison
 P - 2 scrolls of butterflies
 S - 3 scrolls of fog
 Y - 8 scrolls of blinking
Potions
 h - 21 potions of heal wounds
 j - 4 potions of magic
 k - 14 potions of haste
 l - 34 potions of curing
 o - 4 potions of flight
 p - 7 potions of cancellation
 r - 8 potions of lignification
 u - 4 potions of invisibility
 w - 7 potions of ambrosia
 z - 12 potions of attraction
 H - 8 potions of might
 L - 35 potions of mutation
 M - 6 potions of resistance
 N - 5 potions of berserk rage
 W - 9 potions of brilliance
Miscellaneous
 v - a phantom mirror
 y - a box of beasts
 K - a phial of floods
 T - a condenser vane
 X - a tin of tremorstones (2/2)


   Skills:
 + Level 10.7 Fighting
 - Level 8.5 Maces & Flails
 - Level 18.0 Armour
 - Level 8.0 Dodging
 - Level 16.0 Stealth
 - Level 14.0 Shields
 + Level 12.4 Spellcasting
 - Level 18.0 Conjurations
 - Level 14.0 Summonings
 - Level 7.0 Necromancy
 - Level 4.0 Translocations
 - Level 6.0 Air Magic
 - Level 24.0 Earth Magic
 - Level 3.0 Poison Magic
 - Level 1.0 Invocations
 - Level 10.0 Evocations


You had 10 spell levels left.
You knew the following spells:

 Your Spells              Type           Power      Damage    Failure   Level
a - Spellforged Servitor  Conj/Summ      49%        N/A       2%          7
b - Animate Armour        Summ/Erth      100%       N/A       1%          4
c - Sublimation of Blood  Necr           68%        N/A       1%          2
d - Shatter               Erth           71%        3d52*     9%          9
e - Borgnjor's Vile Clut  Necr/Erth      60%        N/A       1%          5
f - Iron Shot             Conj/Erth      68%        9d13      1%          6
h - Lee's Rapid Deconstr  Erth           71%        3d32*     1%          5
i - Blink                 Tloc           100%       N/A       2%          2

Your spell library contained the following spells:

 Spells                   Type           Power      Damage    Failure   Level
 Maxwell's Capacitive Co  Air            31%        ∞         99%         8
 Apportation              Tloc           100%       N/A       1%          1
 Foxfire                  Conj/Fire      100%       2x1d9     1%          1
 Kiss of Death            Conj/Necr      100%       2d13      1%          1
 Magic Dart               Conj           100%       1d8       1%          1
 Necrotise                Necr           100%       1d9       1%          1
 Sandblast                Erth           100%       2d20      1%          1
 Shock                    Conj/Air       100%       1d9       1%          1
 Summon Small Mammal      Summ           100%       N/A       1%          1
 Call Imp                 Summ           93%        N/A       1%          2
 Cigotuvi's Dreadful Rot  Necr/Pois/Air  100%       N/A       1%          2
 Momentum Strike          Conj/Tloc      100%       3d10      1%          2
 Poisonous Vapours        Pois/Air       100%       N/A       1%          2
 Searing Ray              Conj           100%       2d8       1%          2
 Static Discharge         Conj/Air       100%       2-7/arc   1%          2
 Call Canine Familiar     Summ           93%        N/A       1%          3
 Hailstorm                Conj/Ice       76%        3d16      1%          3
 Kindle Blastsparks       Fire/Tloc/Air  100%       2d18      1%          3
 Mephitic Cloud           Conj/Pois/Air  76%        N/A       1%          3
 Stone Arrow              Conj/Erth      100%       3d13      1%          3
 Summon Guardian Golem    Hex/Summ       68%        N/A       1%          3
 Vampiric Draining        Necr           68%        2d10      1%          3
 Flame Wave               Conj/Fire      76%        2d17      1%          4
 Fulminant Prism          Conj/Hex       38%        3d17      1%          4
 Petrify                  Tmut/Erth      100%       N/A       1%          4
 Sticky Flame             Conj/Fire      76%        2d9       1%          4
 Summon Lightning Spire   Summ/Air       80%        N/A       1%          4
 Arcjolt                  Conj/Air       43%        1d53      1%          5
 Fireball                 Conj/Fire      38%        3d16      1%          5
 Irradiate                Conj/Tmut      38%        3d24      1%          5
 Iskenderun's Battlesphe  Conj           100%       2d15      1%          5
 Lightning Bolt           Conj/Air       43%        1d63      1%          5
 Orb of Destruction       Conj           52%        9d13      1%          7
 Lesser Beckoning         Tloc           100%       N/A       2%          2
 Freezing Cloud           Conj/Ice/Air   36%        6-21      2%          5
 Conjure Ball Lightning   Conj/Air       43%        3x3d15    2%          6
 Lehudib's Crystal Spear  Conj/Erth      68%        10d15     2%          8
 Scorch                   Fire           48%        2d7       3%          2
 Ignite Poison            Fire/Tmut/Pois 32%        N/A       3%          3
 Vhi's Electric Charge    Tloc/Air       100%       N/A       3%          3
 Gell's Gravitas          Tloc           53%        N/A       4%          3
 Teleport Other           Tloc           53%        N/A       4%          3
 Animate Dead             Necr           68%        N/A       4%          4
 Dispel Undead            Necr           68%        3d23      4%          4
 Summon Ice Beast         Ice/Summ       68%        N/A       4%          4
 Summon Cactus Giant      Summ           46%        N/A       4%          6
 Inner Flame              Hex/Fire       24%        N/A       5%          3
 Summon Forest            Summ/Tloc      38%        N/A       5%          5
 Slow                     Hex            96%        N/A       7%          1
 Starburst                Conj/Fire      38%        6d11      7%          6
 Statue Form              Tmut/Erth      72%        N/A       8%          6
 Ensorcelled Hibernation  Hex/Ice        48%        N/A       11%         2
 Spider Form              Tmut/Pois      35%        N/A       11%         3
 Summon Mana Viper        Hex/Summ       68%        N/A       11%         5
 Manifold Assault         Tloc           53%        N/A       13%         4
 Anguish                  Hex/Necr       25%        N/A       16%         4
 Monstrous Menagerie      Summ           46%        N/A       17%         7
 Summon Hydra             Summ           46%        N/A       17%         7
 Confusing Touch          Hex            24%        N/A       19%         3
 Ozocubu's Armour         Ice            24%        N/A       19%         3
 Death Channel            Necr           34%        N/A       45%         6
 Cause Fear               Hex            12%        N/A       50%         4
 Ice Form                 Ice/Tmut       24%        N/A       50%         4
 Haunt                    Necr/Summ      41%        N/A       54%         7
 Eringya's Noxious Bog    Tmut/Pois      17%        N/A       69%         6
 Blade Hands              Tmut           12%        N/A       83%         5
 Dispersal                Tloc           26%        N/A       85%         6
 Simulacrum               Ice/Necr       25%        N/A       89%         6
 Dragon Form              Tmut           12%        N/A       100%        7
 Enfeeble                 Hex            12%        N/A       100%        7
 Ozocubu's Refrigeration  Ice            12%        4d10      100%        7
 Storm Form               Tmut/Air       23%        N/A       100%        7
 Discord                  Hex            12%        N/A       100%        8
 Disjunction              Tloc           26%        N/A       100%        8
 Infestation              Necr           34%        N/A       100%        8
 Chain Lightning          Conj/Air       43%        3d58      100%        9
 Dragon's Call            Summ           46%        N/A       100%        9
 Fire Storm               Conj/Fire      38%        8d10      100%        9
 Polar Vortex             Ice            12%        N/A       100%        9


Dungeon Overview and Level Annotations

Branches:
Dungeon (15/15)            Temple (1/1) D:7            Lair (5/5) D:10
  Swamp (4/4) Lair:3        Snake (4/4) Lair:3        Slime (5/5) Lair:5
    Orc (2/2) D:9             Elf (3/3) Orc:2        Vaults (4/5) D:14
  Crypt (0/3) Vaults:2     Depths (4/4) D:15            Zot (5/5) Depths:4
  IceCv (visited)         Volcano (visited)          WizLab (visited)

Altars:
Ashenzari
Cheibriados
Dithmenos
Elyvilon
Fedhas
Gozag
Hepliaklqana
Kikubaaqudgha
Makhleb
Nemelex Xobeh
Okawaru
Qazlal
Ru
Sif Muna
Trog
Uskayaw
Vehumet
Wu Jian
Xom
Yredelemnul
Zin
The Shining One

Shops:
D:2 ?   D:7 !!:!*   D:8 ?[[!   D:14 !   Orc:1 *   Orc:2 *::!   Elf:1 (
Snake:4 *   Vaults:3 !   Depths:1 (*(

Portals:
Hell: Depths:1 Depths:2 Depths:3 Depths:4
Abyss: Depths:1 Depths:2 Depths:3 Depths:4
Pandemonium: Depths:1 Depths:2
Ziggurat: Depths:4

Annotations:
Lair:2 exclusions: downstairs and 1 more exclusion
Snake:2 1 runed translucent door, exclusion: downstairs, Uvorix's ghost, journeyman DrRe
Snake:3 exclusion: 2 downstairs
Elf:1 3 runed translucent doors, Fuonemn's ghost, veteran DDBe; Hulashix's ghost, journeyman MiBe; Soammui's ghost, adept MiBe
Depths:1 exclusion: downstairs
Depths:3 exclusion: downstairs
Zot:2 exclusion: downstairs


Innate Abilities, Weirdness & Mutations

You are completely covered in rugged brown scales. (AC +3, +7% HP)
Armour fits poorly on your strangely shaped body.
You have a long armoured tail.
You roll when moving toward enemies. (Rampage)
Your long tongue fully drains potion bottles. (2x potion effects)
Your tongue gives you trouble enunciating. (1.5x scroll delay)
You have a pair of small horns on your head.
You have sharp toenails.
You are dopey. (Int -2)
You are highly strong-willed. (Will++)
You are robust. (+10% HP)
Your spells are a little harder to cast, but a little more powerful.


Message History

There is a stone staircase leading down here.
There is a stone staircase leading up here.
You fly upwards.
There is a stone staircase leading down here.
Magic restored.
A profane servitor comes into view. It is wielding a +3 whip of venom.
You feel a surge of power!
The iron shot hits the profane servitor!!!
The profane servitor is moderately damaged.
You feel a surge of power!
The iron shot misses the profane servitor.
You feel a surge of power!
The iron shot hits the profane servitor!!!
The profane servitor is severely damaged.
You feel a surge of power!
The iron shot hits the profane servitor!!!
The profane servitor is almost destroyed.
The profane servitor hits you but does no damage.
The profane servitor hits you with a +3 whip of venom.
Aiming: Iron Shot (mildly dangerous; 1% risk of failure)
Press: ? - help, Q - select action, (/) - cycle Shift-Dir - straight line, f/p - profane servitor
Aim: a profane servitor, wielding a +3 whip of venom (almost destroyed, umbra, 50% to hit)
You feel a surge of power!
The iron shot hits the profane servitor!!!
You destroy the profane servitor!
Vehumet accepts your kill.
You feel your power returning.
There are no items here.
Unknown command.
Unknown command.
(D) Dungeon (T) Temple (L) Lair (S) Swamp (P) Snake Pit (M) Slime Pits (O) Orcish Mines (E) Elven Halls (V) Vaults (C) Crypt (U) Depths (H) Hell (Z) Zot
Where to? (Enter - D:1 @ (x,y), ? - help) HP restored.
There is an open door here.
You see here a +0 dagger.
There is a staircase leading out of the dungeon here.
You have escaped!

....# #...##..##.#..#.# ....#
#..##...##.#..#.#
###############..#....##.#..#.#
..............#..#.8..##.####.#
#############.#..#....##.####.#
#.#..##...##......# #########
#.#...##..##.###### ........#
#.#....#..##.# ......!.#
#.'.@..'..##.# ........#
#.#....#..##.# ........#
#.#...##..##.#
........#####.#..##...##.#
........'.....#..#....##.#
........#######..#.8..##.#
######### #..#....##.#
#..##...##.# #...##..##.#


There were no monsters in sight!

Vanquished Creatures
  the Royal Jelly (Slime:5)
  4 dread liches (Zot:5)
  3 orbs of fire (Zot:5)
  Mara (D:15)
  2 juggernauts (Depths:3)
  Sojobo (D:15)
  5 Killer Klowns (Zot:5)
  Saint Roka (Vaults:3)
  4 curse toes
  2 caustic shrikes (Depths:4)
  11 golden dragons
  the Enchantress (Depths:1)
  A profane servitor (D:1)
  A mutant beast (WizLab)
  A walking crystal tome (Depths:3)
  13 tentacled monstrosities
  2 electric golems
  Zenata (Vaults:1)
  An Ice Fiend (IceCv)
  A Hell Sentinel (D:3)
  2 liches
  19 Orb Guardians
  5 quicksilver dragons
  2 deep elf master archers (Elf:3)
  2 sphinxes
  23 acid blobs
  A thorn hunter (Swamp:3)
  9 storm dragons
  7 death cobs
  Donald (Swamp:4)
  7 shadow dragons
  Kirke (D:15)
  6 azure jellies (Slime:5)
  4 tengu reavers
  4 nagarajas (Snake:4)
  Roxanne (Swamp:1)
  7 draconian knights
  2 revenants (Vaults:2)
  3 fire giants
  8 rockslimes
  2 draconian monks
  8 vault wardens
  3 ghost moths
  5 frost giants
  10 draconian scorchers
  6 deep elf sorcerers
  4 deep elf elementalists (Elf:3)
  A draconian stormcaller (Zot:2)
  7 draconian shifters
  7 quicksilver oozes
  4 spriggan defenders
  A war gargoyle (Vaults:4)
  9 ironbound preservers
  4 draconian annihilators
  A quicksilver ooze (shapeshifter) (Depths:3)
  5 very ugly things
  11 ironbound thunderhulks
  A vampire knight (Depths:3)
  8 stone giants
  10 black draconians
  14 yellow draconians
  6 green draconians
  A lorocyproca (D:8)
  6 bunyips
  7 purple draconians
  9 deep elf annihilators
  7 deep elf demonologists
  A spark wasp (shapeshifter) (Depths:3)
  5 spark wasps
  7 red draconians
  4 dire elephants
  3 ettins
  A blizzard demon (D:15)
  9 fire dragons
  A merfolk javelineer (Depths:3)
  6 deep elf death magi
  3 crystal guardians
  An eidolon (Vaults:2)
  6 white draconians
  A yaktaur captain (Vaults:2)
  5 deep elf high priests (Elf:3)
  An entropy weaver (Vaults:1)
  16 great orbs of eyes
  4 ice dragons
  A hydra (shapeshifter) (Elf:3)
  6 spriggan air magi
  2 shambling mangroves
  2 caustic shrike simulacra (IceCv)
  6 vault guards
  21 hydras
  A rakshasa (D:13)
  7 ironbound frosthearts
  6 boulder beetles
  Erolcha (Orc:1)
  5 anacondas
  5 ogre magi
  3 salamander tyrants
  2 peacekeepers (Vaults:4)
  5 alligators
  6 centaur warriors
  5 death yaks
  12 dancing weapons
  13 two-headed ogres
  3 deep troll earth magi
  A vampire mage (Depths:2)
  13 naga warriors
  7 spriggan berserkers
  4 tengu warriors
  An orc high priest (Orc:1)
  17 naga sharpshooters
  A deep troll shaman (Depths:3)
  A shock serpent (shapeshifter) (WizLab)
  17 deep elf knights
  6 hell knights
  A sun demon (Volcano)
  6 shock serpents
  A fire crab (Lair:2)
  7 salamander mystics
  Amaemon (Lair:2)
  2 iron trolls
  3 goliath frogs
  32 deep trolls
  10 deep elf archers
  A sea snake (shapeshifter) (WizLab)
  3 spriggan druids
  A golden dragon skeleton (Depths:1)
  An orange crystal statue (D:14)
  5 glowing orange brains
  6 bog bodies
  19 deep elf zephyrmancers
  10 lindwurms
  2 orc knights (D:15)
  A tengu zombie (Vaults:3)
  3 naga ritualists
  10 wizards
  5 necromancers
  7 swamp dragons
  3 obsidian statues
  A wolf spider (Depths:2)
  18 ironbound convokers
  3 orc sorcerers
  24 deep elf pyromancers
  6 mana vipers
  22 salamanders
  A shining eye (shapeshifter) (Depths:3)
  4 manticores
  5 shining eyes
  4 cyclopes
  4 will-o-the-wisps
  A shadow dragon skeleton (Depths:1)
  21 ugly things
  7 oklob plants
  23 moths of wrath
  A wolf spider zombie (D:15)
  2 centaur zombies (D:15)
  5 elephants
  2 large abominations (WizLab)
  6 eyes of devastation
  An ice statue (Elf:2)
  29 black mambas
  8 vault sentinels
  A molten gargoyle (Volcano)
  An orange demon (Lair:2)
  A black mamba (shapeshifter) (Depths:2)
  A guardian serpent (shapeshifter) (WizLab)
  18 naga magi
  9 guardian serpents
  2 gargoyles
  Maurice (D:9)
  3 torpor snails
  16 cane toads
  2 rime drakes (shapeshifter)
  A centaur skeleton (D:15)
  13 komodo dragons
  18 yaktaurs
  2 unseen horrors
  A yaktaur (shapeshifter) (WizLab)
  6 rime drakes
  2 efreet
  5 tengu conjurers
  4 freezing wraiths (IceCv)
  A kobold demonologist (D:12)
  4 golden dragon simulacra (IceCv)
  17 trolls
  A harpy zombie (D:15)
  A bloated husk (Swamp:3)
  2 red devils (Volcano)
  10 meliai
  A troll (shapeshifter) (WizLab)
  A meliai (shapeshifter) (WizLab)
  5 tyrant leeches
  6 polar bears
  19 hornets
  2 tarantellas (Orc:1)
  A tarantella (shapeshifter) (WizLab)
  9 blink frogs
  Prince Ribbit (D:8)
  A frost giant simulacrum (Depths:1)
  7 dream sheep
  A raiju (shapeshifter) (WizLab)
  A jumping spider (shapeshifter) (Elf:2)
  Sigmund (D:3)
  58 slime creatures
  A spriggan skeleton (Depths:1)
  12 water elementals
  5 air elementals
  6 fire bats (Volcano)
  A ynoxinul (D:5)
  2 spriggans (shapeshifter)
  24 spriggans
  3 wraiths
  3 culicivoras (shapeshifter)
  A dire elephant simulacrum (IceCv)
  6 hogs
  10 wyverns
  11 basilisks
  7 golden eyes (Slime:4)
  A yak (shapeshifter) (WizLab)
  2 fire elementals
  A hog (shapeshifter) (D:9)
  Grum (Lair:1)
  48 yaks
  A yaktaur simulacrum (Vaults:3)
  An iron golem (WizLab)
  2 steam dragons
  2 chaos spawn (Depths:4)
  2 minotaur simulacra (IceCv)
  2 redbacks (Orc:1)
  A neqoxec (D:4)
  A redback (shapeshifter) (Depths:3)
  A warg (Vaults:3)
  3 vampire mosquitoes (Swamp:2)
  50 nagas
  A naga (shapeshifter) (WizLab)
  13 swamp worms
  An acid dragon (D:12)
  A hydra simulacrum (IceCv)
  17 water moccasins
  5 floating eyes
  2 glowing shapeshifter skeletons (Vaults:3)
  A human skeleton (Vaults:3)
  2 hell hounds
  3 black bears
  7 swamp drakes
  2 black bears (shapeshifter) (WizLab)
  3 sky beasts
  20 orc warriors
  An ice beast (Depths:2)
  5 boggarts (Lair:5)
  4 ettin simulacra
  9 centaurs
  22 ogres
  30 wolves
  2 phantoms
  8 nameless horrors
  10 bullfrogs
  3 kobold brigands
  A necrophage (D:7)
  2 gnoll sergeants
  A deep troll simulacrum (IceCv)
  3 earth elementals
  9 wights
  12 small abominations
  4 killer bees
  7 howler monkeys
  2 electric eels (D:8)
  2 vampire bats (Lair:2)
  5 lava snakes (Volcano)
  A hound (D:5)
  22 jellies
  12 orc priests
  Jessica (D:3)
  Ijyb (D:5)
  16 orc wizards
  An iguana (D:5)
  5 hell rats (Lair:4)
  Robin (D:3)
  10 gnolls
  8 adders
  2 worms
  2 dart slugs
  72 orcs
  3 ball pythons
  3 endoplasms
  9 giant cockroaches
  10 goblins
  10 hobgoblins
  4 jackals
  21 kobolds
  4 quokkas
  11 bats
  A frilled lizard (D:3)
  23 rats
1861 creatures vanquished.

Vanquished Creatures (collateral kills)
  A Killer Klown (Zot:2)
  Bai Suzhen (Vaults:4)
  3 caustic shrikes
  3 golden dragons
  An electric golem (Zot:5)
  Jorgrun (Orc:1)
  4 tentacled monstrosities
  7 Orb Guardians (Zot:5)
  A titan (Depths:3)
  A walking divine tome (Depths:3)
  A lich (Depths:3)
  A walking frostbound tome (Depths:3)
  8 acid blobs
  A death cob (Zot:5)
  4 quicksilver dragons
  A thorn hunter (Swamp:4)
  2 storm dragons
  2 tengu reavers
  A shadow dragon (Depths:3)
  A fire giant (Depths:2)
  3 azure jellies
  A rockslime (Slime:5)
  2 draconian monks
  2 frost giants (Depths:3)
  A ghoul (Vaults:1)
  An iron dragon (Depths:3)
  2 vault wardens (Vaults:2)
  2 draconian scorchers
  4 draconian shifters
  7 very ugly things
  2 ironbound preservers (Vaults:3)
  2 spriggan defenders
  4 quicksilver oozes
  A draconian stormcaller (Zot:1)
  A draconian annihilator (Zot:2)
  4 dire elephants
  3 stone giants
  2 eleionomae
  6 black draconians
  3 green draconians
  2 bunyips
  5 yellow draconians
  3 red draconians
  2 purple draconians
  8 spark wasps
  4 white draconians
  A deep elf death mage (Elf:3)
  An ettin (Depths:2)
  3 fire dragons
  A merfolk impaler (Depths:4)
  3 great orbs of eyes
  2 vault guards
  4 ice dragons
  A salamander tyrant (Snake:4)
  2 spriggan air magi
  4 alligators
  A boulder beetle (Vaults:1)
  3 deep troll shamans
  An alligator (shapeshifter) (Vaults:1)
  A deep troll earth mage (Depths:2)
  A dancing weapon (Elf:2)
  3 naga warriors (Snake:4)
  A naga sharpshooter (Snake:4)
  4 spriggan berserkers
  5 iron trolls
  9 deep trolls
  A naga ritualist (Snake:4)
  2 goliath frogs
  2 wizards (Depths:2)
  A flayed ghost (Depths:3)
  A bog body (Swamp:4)
  A glowing orange brain (Depths:2)
  2 deep elf zephyrmancers
  5 swamp dragons
  2 lindwurms
  A lindwurm (shapeshifter) (WizLab)
  3 mana vipers (Snake:4)
  An ironbound convoker (Vaults:4)
  A will-o-the-wisp (Swamp:3)
  4 moths of wrath
  2 salamanders (Snake:4)
  9 ugly things (WizLab)
  A guardian serpent (Snake:4)
  2 vault sentinels (Vaults:1)
  A naga mage (Vaults:4)
  2 black mambas (Snake:4)
  A cane toad (shapeshifter) (WizLab)
  An eye of devastation (Slime:5)
  A freezing wraith (IceCv)
  2 tengu conjurers
  9 hornets
  A troll (shapeshifter) (WizLab)
  4 tyrant leeches
  8 large abominations
  A blink frog (shapeshifter) (WizLab)
  29 slime creatures
  7 water elementals
  6 spriggans
  2 wyverns (Lair:4)
  A culicivora (shapeshifter) (WizLab)
  A human (shapeshifter) (WizLab)
  A chaos spawn (Depths:4)
  A golden eye (Slime:5)
  3 vampire mosquitoes
  A warg (Vaults:3)
  2 nagas (Snake:4)
  5 swamp worms
  A nameless horror (Zot:3)
  3 floating eyes
  2 orc warriors (Orc:1)
  A black bear (shapeshifter) (WizLab)
  2 bullfrogs (Lair:2)
  2 small abominations (WizLab)
  A vampire bat (Depths:2)
  4 jellies (Zot:3)
  An orc wizard (Orc:1)
  A hell rat (Lair:4)
  An orc (Orc:1)
323 creatures vanquished.

Vanquished Creatures (others)
  A hydra (Lair:2)
  A spriggan air mage (D:15)
  A shock serpent (Snake:4)
  A lindwurm (Vaults:1)
  A deep elf pyromancer (D:12)
  An ugly thing (D:14)
  A moth of wrath (Zot:4)
  An elephant (Lair:2)
  2 black mambas
  A cane toad (Lair:2)
  2 bloated husks
  A spriggan (Depths:2)
  2 wyverns (Lair:4)
  A water elemental (Elf:3)
  A golden eye (shapeshifter) (Elf:3)
  A water moccasin (Lair:2)
  A black bear (Lair:3)
  A wolf (Lair:2)
  A briar patch (Swamp:4)
  3 bushes (Lair:4)
  18 foxfires
  60 fungi
  101 plants
204 creatures vanquished.

Grand Total: 2388 creatures vanquished

Notes
Turn   | Place    | Note
-------+----------+-------------------------------------------
     0 | D:1      | ragingrage the Armataur Wanderer began the quest for the
                  | Orb.
     0 | D:1      | ragingrage set off with the following items: a +0 club, a
                  | scroll of blinking, a +0 leather armour, a +0 buckler; and
                  | the following spells available to memorise: Shock,
                  | Sandblast, Poisonous Vapours, Vhi's Electric Charge, Stone
                  | Arrow.
     0 | D:1      | Reached XP level 1. HP: 14/14 MP: 2/2
     2 | D:1      | Learned a level 1 spell: Shock
     4 | D:1      | Learned a level 1 spell: Sandblast
   145 | D:1      | You fall into a shaft and drop 1 floor!
   220 | D:1      | Found a faded altar of an unknown god.
   407 | D:1      | Reached XP level 2. HP: 21/21 MP: 1/3
   666 | D:1      | Reached skill level 2 in Earth Magic
  1261 | D:2      | Reached XP level 3. HP: 27/27 MP: 0/4
  1340 | D:2      | Found Jajeh's Magic Scroll Boutique.
  1344 | D:2      | Bought a scroll of teleportation for 33 gold pieces
  1344 | D:2      | Bought a scroll of noise for 11 gold pieces
  2573 | D:3      | Noticed Sigmund
  2691 | D:3      | Found a blossoming altar of Fedhas.
  2693 | D:3      | Found a glowing golden altar of the Shining One.
  2712 | D:3      | Reached XP level 4. HP: 35/35 MP: 1/5
  2781 | D:3      | Noticed Robin
  2817 | D:3      | Noticed Jessica
  2820 | D:3      | Killed Jessica
  2821 | D:3      | Reached skill level 3 in Earth Magic
  2928 | D:3      | Found an iron altar of Okawaru.
  3191 | D:3      | Killed Robin
  3555 | D:3      | Reached XP level 5. HP: 40/40 MP: 3/6
  3652 | D:3      | Reached skill level 4 in Earth Magic
  3968 | D:3      | Learned a level 3 spell: Stone Arrow
  4182 | D:4      | Noticed an ogre
  4976 | D:4      | Noticed a phantom
  4982 | D:4      | Killed a phantom
  4983 | D:4      | Reached skill level 1 in Conjurations
  5071 | D:4      | Killed an ogre
  5072 | D:4      | Reached XP level 6. HP: 48/48 MP: 4/7
  5186 | D:5      | Entered Level 5 of the Dungeon
  5276 | D:2      | Bought a scroll of identify for 22 gold pieces
  5276 | D:2      | Bought a scroll of identify for 22 gold pieces
  5276 | D:2      | Bought a scroll of identify for 22 gold pieces
  5407 | D:5      | Got the Compendium of the Cockatrice
  5486 | D:5      | Reached skill level 5 in Earth Magic
  6143 | D:5      | Reached XP level 7. HP: 42/53 MP: 5/8
  6659 | D:5      | Noticed Ijyb
  6662 | D:5      | Killed Ijyb
  6815 | D:5      | Reached skill level 6 in Earth Magic
  7559 | D:7      | Found Caell's Distillery.
  7564 | D:7      | Reached XP level 8. HP: 60/60 MP: 6/9
  7594 | D:7      | Bought a potion of heal wounds for 70 gold pieces
  7594 | D:7      | Bought a potion of might for 56 gold pieces
  7630 | D:7      | Found Ittocsud's Assorted Antiques.
  7682 | D:7      | Reached skill level 5 in Conjurations
  7776 | D:7      | Found Visch's Book Boutique.
  7778 | D:7      | Found a staircase to the Ecumenical Temple.
  7908 | Temple   | Entered the Ecumenical Temple
  7915 | Temple   | Became a worshipper of Vehumet
  7931 | D:7      | Found Simaog's Distillery.
  8050 | D:7      | Reached skill level 7 in Earth Magic
  8570 | D:7      | Found Zaxtith's Distillery.
  9301 | D:8      | Found Oshrol's Armour Boutique.
  9476 | D:8      | Found Poballo's Distillery.
  9476 | D:8      | Found Curuciokh's Magic Scroll Boutique.
  9476 | D:8      | Found Ycav's Armour Boutique.
  9485 | D:8      | Bought a potion of mutation for 88 gold pieces
  9485 | D:8      | Bought a potion of resistance for 110 gold pieces
  9543 | D:8      | Noticed Prince Ribbit
  9546 | D:8      | Killed Prince Ribbit
 10087 | D:8      | Reached XP level 9. HP: 56/66 MP: 7/13
 10244 | D:8      | Reached skill level 8 in Earth Magic
 11167 | D:9      | Noticed an efreet
 11229 | D:9      | Noticed a manticore
 11411 | D:9      | Killed a manticore
 11411 | D:9      | Reached * piety under Vehumet
 11411 | D:9      | Offered knowledge of Kiss of Death by Vehumet.
 11445 | D:9      | Killed an efreet
 11731 | D:9      | Found a staircase to the Orcish Mines.
 11766 | D:9      | Noticed a troll
 11770 | D:9      | Killed a troll
 11836 | D:9      | Found the +5 woodcutter's axe
 11894 | D:9      | Reached skill level 9 in Earth Magic
 11944 | D:9      | Noticed Maurice
 11960 | D:9      | Killed Maurice
 11968 | D:9      | Reached skill level 5 in Spellcasting
 12312 | D:9      | Reached XP level 10. HP: 72/73 MP: 13/17
 12365 | D:9      | Noticed a centaur warrior
 12393 | D:9      | Killed a centaur warrior
 12394 | D:9      | Reached skill level 10 in Earth Magic
 12582 | D:9      | Reached skill level 1 in Evocations
 12726 | D:9      | Found an opulent altar of Gozag.
 12760 | D:10     | Entered Level 10 of the Dungeon
 12784 | D:10     | Reached skill level 1 in Fighting
 12901 | D:10     | Found a staircase to the Lair.
 13736 | D:10     | Identified a scroll of acquirement
 13737 | D:10     | Acquired a +2 barding of stealth
 13911 | D:10     | Noticed a two-headed ogre
 13917 | D:10     | Killed a two-headed ogre
 14456 | D:3      | Killed Sigmund
 14456 | D:3      | Offered knowledge of Static Discharge by Vehumet.
 14596 | Lair:1   | Entered Level 1 of the Lair of Beasts
 14725 | Lair:1   | Found a dark tunnel.
 14739 | Volcano  | Entered a volcano
 14846 | Volcano  | Reached skill level 5 in Evocations
 14846 | Volcano  | Reached XP level 11. HP: 87/90 MP: 10/18
 14850 | Volcano  | Reached ** piety under Vehumet
 15086 | Volcano  | Found a burning altar of Makhleb.
 15086 | Volcano  | Noticed a sun demon
 15086 | Volcano  | Noticed a red ugly thing
 15095 | Volcano  | Killed a sun demon
 15096 | Volcano  | Reached skill level 5 in Fighting
 15097 | Volcano  | Killed a red ugly thing
 15284 | Volcano  | Reached skill level 5 in Armour
 15284 | Volcano  | Reached skill level 5 in Shields
 15349 | Volcano  | Noticed an orc sorcerer
 15354 | Volcano  | Killed an orc sorcerer
 15610 | Lair:1   | Noticed Grum
 16010 | Lair:1   | Offered knowledge of Scorch by Vehumet.
 16121 | Lair:1   | Noticed a boulder beetle
 16135 | Lair:1   | Killed a boulder beetle
 16495 | Lair:1   | Reached skill level 1 in Maces & Flails
 16981 | Lair:1   | Killed Grum
 17599 | Lair:2   | Reached *** piety under Vehumet
 17600 | Lair:2   | Reached XP level 12. HP: 100/100 MP: 19/19
 17606 | Lair:2   | Reached skill level 10 in Armour
 18368 | Lair:2   | Noticed Amaemon
 18973 | Lair:2   | Killed Amaemon
 19914 | Lair:2   | Noticed a boulder beetle
 19960 | Lair:2   | Killed a boulder beetle
 19961 | Lair:2   | Reached skill level 5 in Maces & Flails
 20173 | Lair:2   | Noticed a six-headed hydra
 20180 | Lair:2   | Killed a six-headed hydra
 20311 | Lair:2   | Noticed a six-headed hydra
 20311 | Lair:2   | Noticed a five-headed hydra
 20329 | Lair:2   | Killed a six-headed hydra
 20517 | Lair:2   | Noticed a seven-headed hydra
 20551 | Lair:2   | Killed a seven-headed hydra
 21011 | Lair:2   | Offered knowledge of Mephitic Cloud by Vehumet.
 21100 | Lair:2   | Learned a level 3 spell: Mephitic Cloud
 21728 | Lair:2   | Reached skill level 1 in Poison Magic
 22157 | Lair:2   | Noticed a four-headed hydra
 22372 | Lair:3   | Reached XP level 13. HP: 107/107 MP: 11/20
 22602 | Lair:3   | Noticed Sonja
 22603 | Lair:3   | Sonja changed into Sonja the rime drake
 22603 | Lair:3   | Noticed Sonja
 22611 | Lair:3   | Killed Sonja the rime drake
 23180 | Lair:3   | Found a staircase to the Swamp.
 23797 | Lair:3   | Found a staircase to the Snake Pit.
 24722 | Lair:4   | Reached **** piety under Vehumet
 25316 | Lair:4   | Offered knowledge of Arcjolt by Vehumet.
 25852 | Lair:4   | Reached skill level 5 in Air Magic
 27172 | Lair:5   | Entered Level 5 of the Lair of Beasts
 27227 | Lair:4   | Learned a level 5 spell: Arcjolt
 27514 | Lair:5   | Found a staircase to the Slime Pits.
 27873 | Lair:5   | Reached ***** piety under Vehumet
 27946 | Lair:5   | Offered knowledge of Lee's Rapid Deconstruction by Vehumet.
 27947 | Lair:5   | Reached XP level 14. HP: 114/114 MP: 17/23
 27953 | Lair:5   | Learned a level 5 spell: Lee's Rapid Deconstruction
 30287 | D:11     | Found a white marble altar of Elyvilon.
 31102 | D:8      | Bought a scroll of teleportation for 39 gold pieces
 31102 | D:8      | Bought a scroll of brand weapon for 123 gold pieces
 31246 | D:2      | Bought a scroll of brand weapon for 104 gold pieces
 33762 | D:13     | Got Sif Muna's Disquisition on Creation
 33788 | D:13     | Learned a level 4 spell: Animate Armour
 33845 | D:13     | Identified the +8 rapier "Boikoag" {elec, Will+ Str-5
                  | Dex+3}
 34761 | D:14     | Reached skill level 1 in Summonings
 35327 | D:14     | Reached XP level 15. HP: 115/123 MP: 14/26
 35453 | D:14     | Found Zucu's Distillery.
 35460 | D:14     | Bought a potion of magic for 120 gold pieces
 35493 | D:14     | Found a gate to the Vaults.
 35507 | D:14     | Reached skill level 10 in Evocations
 35779 | D:14     | Found a runed translucent door.
 36082 | Orc:1    | Entered Level 1 of the Orcish Mines
 36224 | Orc:1    | Found Qefoq's General Store.
 36425 | Orc:2    | Entered Level 2 of the Orcish Mines
 37078 | Orc:1    | Reached skill level 11 in Earth Magic
 37273 | Orc:1    | Offered knowledge of Iron Shot by Vehumet.
 37504 | Orc:1    | Learned a level 6 spell: Iron Shot
 37998 | Orc:2    | Found Icupliaci's Distillery.
 38210 | Orc:2    | Found Nogunt's Book Shoppe.
 38304 | Orc:2    | Found Jitajarch's Book Boutique.
 38362 | Orc:2    | Bought a potion of heal wounds for 75 gold pieces
 38369 | Orc:2    | Found Pujadi's Assorted Antiques.
 38373 | Orc:2    | Bought a book of Spatial Translocations for 234 gold pieces
 38376 | Orc:2    | Learned a level 2 spell: Blink
 38394 | Orc:2    | Found a staircase to the Elven Halls.
 38556 | Orc:2    | Bought a scroll of blinking for 180 gold pieces
 38862 | Orc:1    | Noticed Jorgrun
 38968 | Orc:1    | Noticed Erolcha
 39206 | D:15     | Entered Level 15 of the Dungeon
 39404 | D:15     | Noticed Kirke
 39514 | D:15     | Reached skill level 1 in Translocations
 40177 | D:15     | Reached skill level 10 in Conjurations
 40187 | D:15     | Offered knowledge of Conjure Ball Lightning by Vehumet.
 40995 | D:15     | Found a staircase to the Depths.
 42059 | D:15     | Found a staircase to the Depths.
 42236 | D:15     | Killed Kirke
 42486 | Snake:1  | Entered Level 1 of the Snake Pit
 44568 | Snake:2  | Reached XP level 16. HP: 134/134 MP: 22/28
 45860 | Snake:2  | Found a runed translucent door.
 45864 | Snake:2  | Noticed Uvorix's ghost (journeyman DrRe)
 45919 | Snake:2  | Reached skill level 15 in Armour
 46752 | Snake:2  | Offered knowledge of Yara's Violent Unravelling by Vehumet.
 48143 | Snake:2  | Reached skill level 5 in Summonings
 48310 | Snake:3  | Reached skill level 12 in Earth Magic
 51102 | Snake:3  | Got the Vademecum on Phantasmal Conflict
 52195 | Snake:4  | Entered Level 4 of the Snake Pit
 52195 | Snake:4  | Found Siehuev's Assorted Antiques.
 52650 | Snake:4  | Offered knowledge of Fireball by Vehumet.
 53886 | Snake:4  | Reached XP level 17. HP: 143/143 MP: 8/29
 54069 | Snake:4  | Reached skill level 13 in Earth Magic
 57456 | Snake:4  | Got a serpentine rune of Zot
 57696 | Swamp:1  | Entered Level 1 of the Swamp
 58754 | Swamp:1  | Identified Roxanne's Compilation of Quicksand
 58754 | Swamp:1  | Noticed Roxanne
 58774 | Swamp:1  | Identified the +0 chain mail of the Evening Star {MP+9
                  | Int+2}
 59795 | Swamp:2  | Noticed a tentacled monstrosity
 59847 | Swamp:2  | Killed a tentacled monstrosity
 60407 | Swamp:2  | Reached skill level 14 in Earth Magic
 61093 | Swamp:3  | Offered knowledge of Freezing Cloud by Vehumet.
 62287 | Swamp:4  | Entered Level 4 of the Swamp
 62933 | Swamp:4  | Noticed Donald
 62940 | Swamp:4  | Killed Donald
 62941 | Swamp:4  | Reached XP level 18. HP: 148/150 MP: 30/30
 64078 | Swamp:4  | Reached skill level 10 in Summonings
 64408 | Swamp:4  | Offered knowledge of Starburst by Vehumet.
 64656 | Swamp:4  | Got a decaying rune of Zot
 65329 | Swamp:1  | Killed Roxanne
 65330 | Swamp:1  | Reached skill level 15 in Earth Magic
 65577 | Orc:1    | Killed Jorgrun
 65708 | Orc:1    | Killed Erolcha
 66146 | Elf:1    | Entered Level 1 of the Elven Halls
 66819 | Elf:1    | Noticed a Brimstone Fiend
 67158 | Elf:1    | Learned a level 7 spell: Spellforged Servitor
 67173 | Elf:1    | Got the Compilation of Rallying
 67327 | Elf:1    | Found a runed translucent gate.
 67327 | Elf:1    | Found a runed translucent gate.
 67327 | Elf:1    | Found a runed translucent gate.
 67405 | Elf:1    | Noticed Soammui's ghost (adept MiBe)
 67405 | Elf:1    | Noticed Fuonemn's ghost (veteran DDBe)
 67407 | Elf:1    | Noticed Hulashix's ghost (journeyman MiBe)
 68195 | Elf:1    | Found Fitaat's Weapon Shop.
 68318 | Elf:2    | Found a flickering gateway to a bazaar.
 68370 | Bazaar   | Entered a bazaar
 68370 | Bazaar   | Found Isor's Magic Scroll Boutique.
 68372 | Bazaar   | Found Huasun's Jewellery Boutique.
 68376 | Bazaar   | Bought a scroll of blinking for 67 gold pieces
 68389 | Bazaar   | Found Ima Anke's Book Shop.
 68392 | Bazaar   | Found Ilodu's Armour Emporium.
 68407 | Bazaar   | Bought a +3 ring mail of fire resistance for 260 gold
                  | pieces
 68411 | Bazaar   | Found Heruvvepn's Antique Weapon Shop.
 68415 | Bazaar   | Bought an ichor-stained long sword for 187 gold pieces
 68415 | Bazaar   | Identified the +9 long sword of Fate {drain, Drain rPois
                  | MP+9 Int+2} (You bought it in a shop in a bazaar)
 68456 | Elf:2    | Found a frozen archway.
 68501 | IceCv    | Entered an ice cave
 69295 | IceCv    | Noticed an Ice Fiend
 69301 | IceCv    | Killed an Ice Fiend
 69681 | Elf:2    | Acquired 637 gold pieces
 70540 | Elf:3    | Entered Level 3 of the Elven Halls
 70553 | Elf:2    | Reached XP level 19. HP: 152/157 MP: 31/32
 70591 | Elf:3    | Paralysed by an air elemental for 1 turns
 70593 | Elf:3    | Paralysed by an air elemental for 1 turns
 70600 | Elf:2    | Reached skill level 10 in Spellcasting
 72088 | Elf:3    | Reached skill level 15 in Conjurations
 72880 | Elf:3    | Identified the +4 ring mail "Jigiowi" {+Blink rF+++ Dex-4
                  | Stlth-}
 73446 | Elf:3    | Identified the amulet of the Median {Reflect Dex+3 SH+5
                  | SInv}
 73719 | Elf:3    | Identified the +8 morningstar of the Mind {flame, *Noise
                  | rC+ Str+7 Dex+3}
 73929 | Elf:3    | Identified the +8 mace of the Equinox {flame, Str+3}
 74347 | Elf:3    | Got Cazeyma's Codex of Transposition and the Tundra
 74650 | Vaults:1 | Entered Level 1 of the Vaults
 76355 | Vaults:1 | Reached ****** piety under Vehumet
 77038 | Vaults:1 | Identified the amulet "Selaisam" {Regen+ Str+2}
 77038 | Vaults:1 | Noticed Zenata
 77569 | Vaults:1 | Killed Zenata
 78231 | Vaults:1 | Offered knowledge of Fire Storm by Vehumet.
 78231 | Vaults:1 | Offered knowledge of Chain Lightning by Vehumet.
 78231 | Vaults:1 | Offered knowledge of Maxwell's Capacitive Coupling by
                  | Vehumet.
 79031 | D:14     | Identified the +5 chain mail of Masochism {+Blink rF+ rN+
                  | Int-5}
 79033 | D:14     | Identified the +0 cloak of Hedging {rElec Int+2}
 79815 | Vaults:2 | Reached XP level 20. HP: 161/162 MP: 19/34
 81261 | Vaults:2 | Found a staircase to the Crypt.
 81869 | Vaults:2 | You fall into a shaft and drop 2 floors!
 81887 | Vaults:4 | Reached skill level 10 in Fighting
 82325 | Vaults:3 | Noticed Saint Roka
 82768 | Vaults:4 | Noticed Bai Suzhen
 83224 | Vaults:3 | Found Ilouk's Distillery.
 83244 | Vaults:3 | Bought a potion of heal wounds for 90 gold pieces
 83244 | Vaults:3 | Bought a potion of brilliance for 72 gold pieces
 83398 | Vaults:3 | Reached skill level 10 in Shields
 83785 | Vaults:3 | Killed Saint Roka
 87158 | Vaults:4 | Killed Bai Suzhen
 87687 | Vaults:4 | Reached XP level 21. HP: 179/179 MP: 14/35
 88376 | Vaults:4 | Found a radiant altar of Vehumet.
 88567 | Vaults:4 | Reached skill level 1 in Dodging
 89110 | Depths:1 | Entered Level 1 of the Depths
 89216 | Depths:1 | Noticed Mara
 89936 | Depths:1 | Noticed Sojobo
 90310 | D:15     | Noticed ragingrage's illusion
 90544 | D:15     | Killed Mara
 91099 | Slime:1  | Entered Level 1 of the Pits of Slime
 91673 | Slime:2  | Learned a level 5 spell: Borgnjor's Vile Clutch
 92034 | Slime:2  | Reached skill level 1 in Necromancy
 92836 | Slime:3  | Gained mutation: Your body sometimes deteriorates upon
                  | taking damage. [a shining eye]
 94562 | Slime:5  | Entered Level 5 of the Pits of Slime
 95745 | Slime:5  | Noticed the Royal Jelly
 95757 | Slime:5  | Killed the Royal Jelly
 96573 | Slime:5  | Reached skill level 5 in Dodging
 97581 | Slime:5  | Identified the +1 great sword of Mueza {flame, Str+4 Dex-4}
 97610 | Slime:5  | Got a slimy rune of Zot
 97657 | Slime:5  | Upgraded the game from 0.30-a0-739-gea05faddec to
                  | 0.30-a0-743-gbfdf073431
 97919 | D:7      | Bought a potion of heal wounds for 65 gold pieces
 97919 | D:7      | Bought 2 potions of brilliance for 104 gold pieces
 97919 | D:7      | Bought a potion of heal wounds for 65 gold pieces
 97943 | D:7      | Bought a potion of haste for 140 gold pieces
 97943 | D:7      | Bought a potion of heal wounds for 70 gold pieces
 97943 | D:7      | Bought a potion of haste for 140 gold pieces
 98198 | D:15     | Killed Sojobo
 98962 | D:15     | Reached XP level 22. HP: 141/186 MP: 19/36
 99640 | Depths:1 | Found Wopuob's Overcharged Wands.
 99653 | Depths:1 | Bought a wand of roots (18) for 648 gold pieces
 99823 | Depths:1 | Found Uneph's Weapon Emporium.
 99823 | Depths:1 | Found Riojaloxo's Antique Weapon Shoppe.
 99837 | Depths:1 | Bought a faintly glowing scimitar for 306 gold pieces
 99837 | Depths:1 | Identified the +7 scimitar "Loamer" {flame, rC+} (You
                  | bought it in a shop on level 1 of the Depths)
100038 | Depths:1 | Found a one-way gate to the infinite horrors of the Abyss.
100084 | Depths:1 | Found a broken altar of Ashenzari.
100234 | Depths:1 | Found a gateway to Hell.
100324 | Depths:1 | Found a one-way gate leading to the halls of Pandemonium.
100478 | Depths:2 | Noticed the Enchantress
100669 | Depths:1 | Killed the Enchantress
101129 | Depths:2 | Found a magical portal.
101144 | WizLab   | Entered Cigotuvi's Fleshworks
101569 | WizLab   | Reached skill level 5 in Necromancy
101644 | WizLab   | Paralysed by a floating eye for 3 turns
101689 | WizLab   | Identified the ring of the Freezing Orange {rF+ rC+ Will-
                  | Str+2}
101761 | WizLab   | Reached skill level 16 in Earth Magic
102357 | WizLab   | Got Cigotuvi's Vademecum on Malevolent Magic
102359 | WizLab   | Got the Commentary on Flesh
102363 | WizLab   | Learned a level 2 spell: Sublimation of Blood
103408 | Depths:2 | Found a gateway to a bazaar.
103511 | Bazaar   | Entered a bazaar
103511 | Bazaar   | Found Jienugau's Armour Boutique.
103511 | Bazaar   | Found Obysiath's Antique Armour Shop.
103511 | Bazaar   | Found Emuonoh's Weapon Shop.
103515 | Bazaar   | Bought a +1 tower shield of protection for 231 gold pieces
103791 | Depths:2 | Identified the +8 mace of Fiexi {vamp, Will+ Int+4}
104588 | Depths:2 | Reached skill level 5 in Stealth
104712 | Depths:2 | Got the Monograph on Shaping
107011 | Depths:3 | Noticed a juggernaut
107020 | Depths:3 | Killed a juggernaut
107195 | Depths:3 | Reached XP level 23. HP: 193/193 MP: 33/37
107376 | Depths:3 | Noticed a juggernaut
107386 | Depths:3 | Killed a juggernaut
108146 | Depths:3 | Identified the +4 rapier of Symmetry {drain, rF++ rC++
                  | Int+2}
108260 | Depths:3 | Noticed a caustic shrike
108456 | Depths:3 | Reached XP level 24. HP: 202/202 MP: 37/37
108456 | Depths:3 | Reached XP level 25. HP: 207/207 MP: 37/37
109498 | Depths:3 | Identified the +7 rapier of the Everdark {venom, Fragile
                  | rElec rCorr}
109523 | Depths:3 | Reached skill level 17 in Earth Magic
109676 | Depths:3 | Reached skill level 10 in Stealth
109865 | Depths:4 | Entered Level 4 of the Depths
110068 | Depths:4 | Found a one-way gateway to a ziggurat.
111334 | Depths:2 | Reached XP level 26. HP: 216/216 MP: 37/38
111334 | Depths:2 | Reached XP level 27. HP: 223/223 MP: 37/38
112846 | Depths:4 | Found a gate to the Realm of Zot.
112914 | Zot:1    | Entered Level 1 of the Realm of Zot
115929 | Zot:1    | Acquired the amulet of Equilibrium {RegenMP Fly rCorr MP+9
                  | Dex+2}
116070 | Zot:2    | Reached skill level 18 in Earth Magic
118165 | Zot:2    | Reached skill level 19 in Earth Magic
118886 | Zot:3    | You are sucked into a shaft and drop 1 floor!
119139 | Zot:3    | Reached skill level 20 in Earth Magic
120452 | Zot:3    | Reached skill level 15 in Stealth
121397 | Zot:4    | Reached skill level 21 in Earth Magic
122000 | Zot:4    | Lost mutation: Your body sometimes deteriorates upon taking
                  | damage. [potion of mutation]
122000 | Zot:4    | Gained mutation: You are partially covered in iridescent
                  | scales. (AC +2) [potion of mutation]
122000 | Zot:4    | Gained mutation: You are vulnerable to heat. (rF-) [potion
                  | of mutation]
122000 | Zot:4    | Gained mutation: You are mostly covered in iridescent
                  | scales. (AC +4) [potion of mutation]
122000 | Zot:4    | Gained mutation: You are robust. (+10% HP) [potion of
                  | mutation]
122000 | Zot:4    | Gained mutation: You are agile. (Dex +4, Str/Int -1)
                  | [potion of mutation]
122001 | Zot:4    | Lost mutation: You are vulnerable to heat. (rF-) [potion of
                  | mutation]
122001 | Zot:4    | Lost mutation: You are mostly covered in iridescent scales.
                  | (AC +4) [potion of mutation]
122001 | Zot:4    | Lost mutation: You are partially covered in iridescent
                  | scales. (AC +2) [potion of mutation]
122001 | Zot:4    | Lost mutation: You are robust. (+10% HP) [potion of
                  | mutation]
122001 | Zot:4    | Lost mutation: You are agile. (Dex +4, Str/Int -1) [potion
                  | of mutation]
122001 | Zot:4    | Gained mutation: You are strong-willed. (Will+) [potion of
                  | mutation]
122001 | Zot:4    | Gained mutation: Your spells are a little harder to cast,
                  | but a little more powerful. [potion of mutation]
122001 | Zot:4    | Gained mutation: You have sharp toenails. [potion of
                  | mutation]
122001 | Zot:4    | Gained mutation: You are robust. (+10% HP) [potion of
                  | mutation]
122001 | Zot:4    | Gained mutation: You are dopey. (Int -2) [potion of
                  | mutation]
122001 | Zot:4    | Gained mutation: You are highly strong-willed. (Will++)
                  | [potion of mutation]
122001 | Zot:4    | Gained mutation: You have a pair of small horns on your
                  | head. [potion of mutation]
122725 | Zot:5    | Entered Level 5 of the Realm of Zot
123296 | Zot:5    | Reached skill level 22 in Earth Magic
123493 | Zot:5    | Learned a level 9 spell: Shatter
123787 | Zot:5    | Noticed a dread lich
124172 | Zot:5    | Killed a dread lich
124480 | Zot:5    | Noticed a dread lich
124824 | Zot:5    | Killed a dread lich
125542 | Zot:5    | Noticed a dread lich
125547 | Zot:5    | Killed a dread lich
125548 | Zot:5    | Reached skill level 23 in Earth Magic
125687 | Zot:5    | Noticed an orb of fire
125692 | Zot:5    | Killed an orb of fire
125711 | Zot:5    | Noticed an orb of fire
126115 | Zot:5    | Killed an orb of fire
126492 | Zot:5    | Noticed an orb of fire
126498 | Zot:5    | Killed an orb of fire
127245 | Zot:5    | Noticed a dread lich
127252 | Zot:5    | Killed a dread lich
127256 | Zot:5    | Reached skill level 24 in Earth Magic
127830 | Zot:5    | Got the Orb of Zot
128369 | D:$      | Escaped with the Orb!

Illustrated notes

Levels and vault maps discovered:
D:1:      giann_horns, layout_basic, hellmonk_ecumenical_altar_arch_garden
D:2:      layout_loops_ring, serial_shops, nicolae_shop_stone,
          minmay_randomly_rotated_circles
D:3:      minmay_angry_zag, layout_basic,
          chequers_temple_overflow_statue_of_worship, okawaru_trees_1,
          minivault_11, kennysheep_minor_cross, hangedman_decor_points,
          minmay_rat_hole, uniq_jessica, uniq_robin, uniq_sigmund
D:4:      layout_loops_ring
D:5:      layout_basic, uniq_ijyb
D:6:      layout_rooms
D:7:      layout_basic, minmay_temple_entry_stoned_glass, serial_glass,
          glass_columns_a, glass_columns_a, glass_columns_a, glass_columns_c,
          glass_columns_c, glass_columns_b, serial_shops,
          nicolae_shop_behind_doors, nicolae_shop_crystal,
          nicolae_lakefront_shop, nicolae_take_the_stairs,
          nicolae_shop_window_shopping, kennysheep_generic_room_9
D:8:      layout_layer_cave, minmay_shop_grid_forest,
          chequers_serial_rivers_micro_a, chequers_big_river,
          uniq_prince_ribbit1
D:9:      layout_roguey, overflow_temple_1_default, orc_0_dummy, kb_rosetta,
          uniq_maurice
D:10:     layout_grid_maze, lair_entry_dummy
D:11:     layout_stronghold, nicolae_elyvilon_peaceful_grove
D:12:     layout_basic
D:13:     layout_cave_pools, columned_hall_lemuel, minmay_misc_feat_more_columns
D:14:     minmay_spotlight, layout_irregular_city, david_vaults_2, serial_shops,
          nicolae_shop_hallway_plus, minmay_crystal_box
D:15:     grunt_enter_depths_magical_seal, layout_layer_cave,
          minmay_misc_feat_cross, uniq_kirke
Temple:   nicolae_temple_no_exploring_needed
Lair:1:   layout_chaotic_city, nicolae_volcano_entry_s_turn,
          beast_lair_carwin_10, uniq_grum
Lair:2:   nzn_winding_woodlands_huge [nzn_winding_woodlands_5x15_garden,
          nzn_winding_woodlands_5x15_pockets, nzn_winding_woodlands_5x15_cabin,
          nzn_winding_woodlands_5x15_river_crossing,
          nzn_winding_woodlands_5x15_pool, nzn_winding_woodlands_5x15_default,
          nzn_winding_woodlands_5x15_crooked,
          nzn_winding_woodlands_5x15_split_checker,
          nzn_winding_woodlands_5x15_default,
          nzn_winding_woodlands_5x15_pathside_ponds,
          nzn_winding_woodlands_center_pierced_h,
          nzn_winding_woodlands_center_lodge,
          nzn_winding_woodlands_15x15_thick_spiral], layout_chaotic_city,
          grunt_forest_stairs_basic, roderic_batcave, uniq_amaemon
Lair:3:   layout_roguey, swamp_mist, nicolae_snake_entry_squirm,
          serial_bayou_pond_b, disabler_island, uniq_sonja
Lair:4:   layout_loops_ring, special_room [special_room_mythical_zoo],
          beast_lair_carwin_4
Lair:5:   minmay_lair_end_enchanted_forest, layout_hall_layers,
          nicolae_slime_entry_field_trip
Swamp:1:  layout_basic_swamp, evilmike_swamp_ruin_house_1, swamp_pool4,
          infiniplex_staircase_pool, uniq_roxanne
Swamp:2:  layout_basic_swamp, evilmike_swamp_ruin_rubble_1
Swamp:3:  layout_basic_swamp, nicolae_swamp_oxbows
Swamp:4:  swamp_alternative, layout_basic_swamp, nicolae_swamp_little_tower,
          uniq_donald
Snake:1:  layout_concentric_octagons
Snake:2:  layout_rooms, ebering_ghost_reflecting_pool
Snake:3:  layout_layer_cave
Snake:4:  snake_pit_salamanders_mu, layout_rooms, serial_shops, shop_statue,
          nicolae_snake_squiggles
Slime:1:  layout_caves
Slime:2:  layout_caves
Slime:3:  layout_caves, nicolae_slime_rock_hall_of_fame
Slime:4:  layout_caves
Slime:5
Orc:1:    nicolae_orc_accident_3, layout_diamond_mine, serial_shops,
          nicolae_shop_waterfront, mines2_david, uniq_erolcha, uniq_jorgrun
Orc:2:    st_orc_open, layout_caves
Elf:1:    minmay_elf_arrival_summoners, layout_loops_cross, serial_shops,
          nicolae_shop_hallway_stairs, gammafunk_ghost_cemetery,
          minmay_elf_demonology
Elf:2:    nicolae_elf_blades_splatter_lattice [nicolae_blade_little_rooms],
          layout_loops_corners, serial_shops, bzr_entry_lakeside,
          portal_ice_cave_entry_ice_statue_one
Elf:3:    minmay_elf_hall_four_x, layout_gridlike
Vaults:1: vaults_mumra_hex, vaults_room_ringed_pool, grunt_vaults_hallway_long,
          vaults_dpeg_diagonal, vaults_room_fours, vaults_standard_mumra_lines,
          nicolae_vaults_sealed_display, nicolae_vaults_network_barrier,
          nicolae_vaults_alarming, nicolae_vaults_little_squares_1,
          layout_vaults_omnicross, uniq_zenata
Vaults:2: vaults_dpeg_ring, vaults_mumra_minichess, v_misc_22,
          grunt_vaults_funnel, hangedman_vaults_slice,
          ontoclasm_vaults_claustrophobia, dpeg_vaults_monster_box,
          nicolae_vaults_network_periphery, grunt_vaults_twisty,
          vaults_mumra_chevron, nicolae_vaults_shelves_hall,
          minmay_crypt_entry_simple_box, layout_vaults_omnigrid
Vaults:3: v_misc_18, nicolae_vaults_ninety_degrees,
          ontoclasm_vaults_ring_square, v_misc_23, vaults_mumra_hexcomb,
          grunt_vaults_swirl, nicolae_vaults_network_quinsquares
          [nicolae_vaults_network_quincunx_subvault,
          nicolae_vaults_network_quincunx_subvault,
          nicolae_vaults_network_quincunx_subvault,
          nicolae_vaults_network_quincunx_subvault], vaults_room_grid,
          vaults_dpeg_hooks, hangedman_vaults_maws, nicolae_vaults_theta,
          ontoclasm_vaults_decontamination, nicolae_vaults_back_hallway,
          layout_vaults_maze, serial_shops, nicolae_shop_trees, uniq_saint_roka
Vaults:4: nicolae_vaults_asterisk, vaults_room_grid,
          vaults_room_grunt_arrival_ludios,
          vaults_room_grunt_arrival_checkpoint, grunt_tower_of_power,
          nicolae_vaults_bisected_slash, v_alt_pattern_2,
          nicolae_vaults_disjoint_gnomons, v_misc_26,
          nicolae_vaults_angled_halls, nicolae_vaults_big_ls,
          nicolae_vaults_theta, vaults_mumra_chevron_long,
          nicolae_vaults_shelves_hall, layout_vaults_omnibox, uniq_bai_suzhen
Depths:1: layout_cave_pools, pf_hell_entry_great_geh, rand_demon_pan_entry_4,
          evilmike_ruin_ashenzari, abyss_entry, nicolae_shop_overcharged_wands,
          minmay_shoptagon, uniq_mara, uniq_sojobo
Depths:2: dreamdust_experimentation, layout_cave_pools, mu_enter_wizlab_1,
          serial_shops, statue_bzr, abyss_entry_crystal, hell_entry,
          grunt_pan_entry_spiral, library_closet, minmay_fountain_box,
          hangedman_research_metamorphosis, uniq_enchantress
Depths:3: box_level_dp, abyss_entry, hell_entry
Depths:4: evilmike_zot_entry_basic, layout_cave_pools, enter_ziggurat_f,
          minmay_room_of_horrors, chequers_serial_rivers_large_a, hell_entry,
          serial_bayou_shore_a, uniq_grunn
Zot:1:    layout_concentric_octagons
Zot:2:    layout_misc_corridors, zot_minivault_1
Zot:3:    lemuel_acid_trip, layout_onion_interference
Zot:4:    layout_gridlike
Zot:5:    layout_basic

Skill      XL: |  1  2  3  4  5  6  7  8  9 10 11 12 13 14 15 16 17 18 19 20 21 22 23 24 25 26 27 |
---------------+----------------------------------------------------------------------------------+-----
Earth Magic    | 2 3 4 5 6 7 9 10 11 12 14 15 16 17 24 | 24.0
Stealth        | 2 3 4 7 9 11 16 | 16.0
Conjurations   | 2 3 4 6 7 8 9 10 11 13 14 15 16 17 18 | 18.0
Spellcasting   | 3 5 6 7 8 9 10 11 12 | 12.4
Evocations     | 5 6 8 9 10 | 10.0
Fighting       | 4 5 7 9 10 | 10.7
Shields        | 3 5 8 11 13 14 | 14.0
Armour         | 3 9 11 12 13 14 15 16 17 18 | 18.0
Maces & Flails | 3 6 8 |  8.5
Poison Magic   | 1 3 |  3.0
Air Magic      | 5 6 |  6.0
Summonings     | 1 4 6 9 11 12 13 14 | 14.0
Translocations | 3 4 |  4.0
Dodging        | 5 7 8 |  8.0
Necromancy     | 4 6 7 |  7.0
Invocations    | |  1.0

Action                     |  1- 3 |  4- 6 |  7- 9 | 10-12 | 13-15 | 16-18 | 19-21 | 22-24 | 25-27 || total
---------------------------+-------+-------+-------+-------+-------+-------+-------+-------+-------++-------
  Melee: Spear             |    12 |       |       |       |       |       |       |       |       ||    12
         Short sword       |    20 |       |       |       |       |       |       |       |       ||    20
         Tailslap          |     4 |     2 |     3 |    20 |    64 |    31 |    65 |    43 |    30 ||   262
         Staff             |     7 |    12 |     5 |    18 |    27 |    33 |   217 |   149 |   116 ||   584
         Dagger            |       |     9 |     3 |    23 |       |       |       |       |       ||    35
         Whip              |       |       |       |    86 |   396 |   121 |    20 |     8 |       ||   631
         Unarmed           |       |       |       |       |     1 |       |       |       |       ||     1
  Throw: Dart              |       |       |       |     2 |     4 |       |     3 |       |       ||     9
         Throwing net      |       |       |       |       |       |       |     1 |       |       ||     1
   Cast: Sandblast         |    54 |    95 |   153 |    16 |       |     1 |       |       |       ||   319
         Stone Arrow       |       |       |    15 |   273 |   776 |   729 |    16 |       |       ||  1809
         Arcjolt           |       |       |       |       |    16 |       |       |       |       ||    16
         Lee's Rapid Decon |       |       |       |       |    25 |   235 |   391 |    47 |    33 ||   731
         Animate Armour    |       |       |       |       |     1 |   108 |    42 |    17 |     5 ||   173
         Blink             |       |       |       |       |       |     5 |     1 |       |       ||     6
         Iron Shot         |       |       |       |       |       |    33 |   342 |   154 |   485 ||  1014
         Spellforged Servi |       |       |       |       |       |       |    53 |    51 |    97 ||   201
         Borgnjor's Vile C |       |       |       |       |       |       |     3 |    26 |    69 ||    98
         Sublimation of Bl |       |       |       |       |       |       |       |     2 |       ||     2
         Shatter           |       |       |       |       |       |       |       |       |     8 ||     8
  Evoke: Wand              |       |       |    10 |    10 |    11 |    14 |    12 |     2 |     6 ||    65
         Condenser vane    |       |       |       |       |       |       |     6 |       |     4 ||    10
         Phial of floods   |       |       |       |       |       |       |     2 |     1 |       ||     3
         Phantom mirror    |       |       |       |       |       |       |     3 |       |     2 ||     5
         Box of beasts     |       |       |       |       |       |       |     1 |       |     4 ||     5
         Tin of tremorston |       |       |       |       |       |       |       |     1 |     3 ||     4
    Use: Scroll            |     3 |     4 |     8 |     8 |    11 |     5 |    10 |     1 |     6 ||    56
         Potion            |     1 |       |     2 |     3 |     1 |     1 |     5 |     1 |     8 ||    22
   Stab: Distracted        |       |       |       |       |       |       |     5 |     1 |     4 ||    10
 Armour: Leather armour    |    39 |    19 |    26 |    13 |       |       |       |       |       ||    97
         Steam dragon scal |       |       |       |    37 |       |       |       |       |       ||    37
         Robe              |       |       |       |    64 |       |       |    65 |       |    20 ||   149
         Chain mail        |       |       |       |    56 |   575 |   354 |   218 |       |       ||  1203
         Swamp dragon scal |       |       |       |       |       |    48 |       |       |       ||    48
         Storm dragon scal |       |       |       |       |       |       |    49 |   129 |   223 ||   401
  Dodge: Dodged            |    26 |    22 |    43 |    86 |   100 |    73 |   190 |    82 |   141 ||   763
  Block: Buckler           |     9 |    16 |    19 |   139 |   456 |   344 |   282 |   147 |    36 ||  1448
         Reflection        |       |       |       |     1 |    39 |    56 |    29 |     7 |     6 ||   138
         Kite shield       |       |       |       |       |       |       |   129 |       |   162 ||   291

Table legend: (Time is in decaauts)
 A = Elapsed time spent in this place.
 B = Non-inter-level travel time spent in this place.
 C = Inter-level travel time spent in this place.
 D = Time resting spent in this place.
 E = Time spent auto-exploring this place.
 F = Levels seen in this place.
 G = Mean time per level.
                   A        B        C        D        E       F      G
               +--------+--------+--------+--------+--------+-----+--------+
         Total | 128536 | 119428 |   9108 |  62504 |  39047 |  57 | 2255.0 |
       Dungeon |  29270 |  25741 |   3529 |  10319 |  11939 |  15 | 1951.3 |
        Temple |     14 |      2 |     12 |      0 |      0 |   1 |   14.0 |
          Lair |  16430 |  15053 |   1377 |   7527 |   5184 |   5 | 3286.0 |
         Swamp |   7450 |   7169 |    281 |   3649 |   2483 |   4 | 1862.5 |
     Snake Pit |  14860 |  14264 |    596 |   9174 |   3287 |   4 | 3715.0 |
    Slime Pits |   6670 |   6339 |    331 |   4293 |   1271 |   5 | 1334.0 |
  Orcish Mines |   3973 |   3801 |    172 |   2243 |    995 |   2 | 1986.5 |
   Elven Halls |   6730 |   6483 |    247 |   3908 |   1596 |   3 | 2243.3 |
        Vaults |  13182 |  12297 |    885 |   5961 |   4433 |   4 | 3295.5 |
        Depths |  12315 |  11483 |    832 |   6041 |   3493 |   4 | 3078.8 |
           Zot |  14148 |  13306 |    842 |   7407 |   3879 |   5 | 2829.6 |
        Bazaar |     74 |     74 |      0 |      0 |      8 |   2 |   37.0 |
      Ice Cave |   1175 |   1175 |      0 |    807 |    220 |   1 | 1175.0 |
       Volcano |    655 |    655 |      0 |    398 |     14 |   1 |  655.0 |
        Wizlab |   1583 |   1583 |      0 |    776 |    245 |   1 | 1583.0 |
               +--------+--------+--------+--------+--------+-----+--------+

Top non-repeatable levels by time:
    D:15: 6162 daAuts
Depths:3: 5499 daAuts
  Lair:2: 5030 daAuts
 Snake:3: 4897 daAuts
   Zot:5: 4610 daAuts
 Snake:4: 4001 daAuts
Vaults:2: 3972 daAuts
   Zot:1: 3945 daAuts
  Lair:3: 3652 daAuts
Vaults:1: 3566 daAuts
Vaults:3: 3285 daAuts
Depths:2: 3242 daAuts
   Elf:3: 3137 daAuts
 Snake:2: 3110 daAuts
     D:8: 2874 daAuts
